 Dungeon Crawl Stone Soup version 0.27-a0-1416-g941b2bd30b (webtiles) character file.

Game seed: 18310300627441968490

123 octoduck the Firebug (level 4, -6/24 HPs)
             Began as a Deep Elf Fire Elementalist on July 2, 2021.
             Mangled by Terence (9 damage)
             ... on level 3 of the Dungeon.
             The game lasted 00:08:00 (3347 turns).

octoduck the Firebug (Deep Elf Fire Elementalist)   Turns: 3347, Time: 00:08:00

Health: -6/24      AC:  3    Str:  6    XL:     4   Next: 80%
Magic:  4/10       EV: 12    Int: 20    God:
Gold:   74         SH:  0    Dex: 15    Spells: 8/9 levels left

rFire    . . .     SeeInvis .   c - +1 dagger
rCold    . . .     Faith    .   (no shield)
rNeg     . . .     Spirit   .   a - +1 robe
rPois    .         Reflect  .   (no helmet)
rElec    .         Harm     .   (no cloak)
rCorr    .         Rampage  .   (no gloves)
Will     .....                  (no boots)
Stlth    ++........             (no amulet)
HPRegen  0.08/turn              (no ring)
MPRegen  0.12/turn              (no ring)

@: no status effects
A: no striking features
a: no special abilities


You were on level 3 of the Dungeon.
You visited 1 branch of the dungeon, and saw 3 of its levels.

You collected 74 gold pieces.

Inventory:

Hand Weapons
 c - a +1 dagger (weapon)
 g - a +0 hand axe
 i - a +0 short sword
Armour
 a - a +1 robe (worn)
Wands
 h - a wand of paralysis (6)
Scrolls
 e - a scroll of amnesia
 l - a scroll of teleportation
Potions
 b - a potion of attraction {unknown}
 d - a potion of curing {unknown}
 j - a potion of haste


   Skills:
 - Level 2.6 Dodging
 - Level 2.4 Stealth
 - Level 3.0 Spellcasting
 + Level 3.6 Conjurations
 + Level 4.9 Fire Magic


You had 8 spell levels left.
You knew the following spells:

 Your Spells              Type           Power      Damage    Failure   Level
a - Foxfire               Conj/Fire      80%        2x1d8     2%          1

Your spell library contained the following spells:

 Spells                   Type           Power      Damage    Failure   Level
 Conjure Flame            Conj/Fire      20%        6-21      8%          3
 Inner Flame              Hex/Fire       12%        N/A       16%         3
 Passwall                 Tmut/Erth      2%         N/A       22%         2
 Sticky Flame             Conj/Fire      20%        2d4       24%         4
 Gell's Gravitas          Tloc           1%         N/A       38%         3
 Lesser Beckoning         Tloc           1%         N/A       38%         3
 Ozocubu's Armour         Ice            3%         N/A       38%         3
 Swiftness                Air            3%         N/A       38%         3
 Teleport Other           Tloc           3%         N/A       38%         3
 Fireball                 Conj/Fire      10%        3d6       56%         5
 Metabolic Englaciation   Hex/Ice        1%         N/A       98%         5
 Invisibility             Hex            1%         N/A       100%        6
 Simulacrum               Ice/Necr       1%         N/A       100%        6


Dungeon Overview and Level Annotations

Branches:
Dungeon (3/15)

Altars:
Ashenzari
Fedhas
Zin

Annotations:
D:2 1 runed translucent door, Crazy Yiuf
D:3 Terence


Message History

The foxfire hits Terence but does no damage.
Terence is heavily wounded.
The foxfire hits Terence but does no damage.
Terence is heavily wounded.
Casting: Foxfire (safe; 2% risk of failure)
Confirm with . or Enter, or press ? or * to list all spells.
You conjure some foxfire!
The foxfire hits Terence but does no damage.
Terence is heavily wounded.
The foxfire hits Terence but does no damage.
Terence is heavily wounded.
Casting: Foxfire (safe; 2% risk of failure)
Confirm with . or Enter, or press ? or * to list all spells.
You conjure some foxfire!
Terence barely misses you.
The foxfire hits Terence but does no damage.
Terence is heavily wounded.
The foxfire hits Terence but does no damage.
Terence is heavily wounded.
Terence closely misses you.
Casting: Foxfire (safe; 2% risk of failure)
Confirm with . or Enter, or press ? or * to list all spells.
You conjure some foxfire!
Terence hits you with a +0 flail!
Ouch! That really hurt!
The foxfire hits Terence but does no damage.
Terence is heavily wounded.
The foxfire hits Terence but does no damage.
Terence is heavily wounded.
Terence says, "Rest in peace."
Terence hits you with a +0 flail.
* * * LOW HITPOINT WARNING * * *
Casting: Foxfire (safe; 2% risk of failure)
Confirm with . or Enter, or press ? or * to list all spells.
You conjure some foxfire!
Terence hits you with a +0 flail.
* * * LOW HITPOINT WARNING * * *
The foxfire hits Terence but does no damage.
Terence is moderately wounded.
The foxfire hits Terence but does no damage.
Terence is moderately wounded.
Terence hits you with a +0 flail!
You die...

...##...##
.........##
..........#
..........#
..........
.......
#...###### ##
#.@......#
##..##.@......#
.......ยง......#
#.####..........
#.#####.#######.
........#
........#
........#
........#
........########


You could see Terence.

Vanquished Creatures
  A scorpion zombie (D:2)
  4 gnolls (D:2)
  An adder (D:2)
  An adder zombie (D:2)
  An adder skeleton (D:2)
  A dart slug (D:1)
  2 ball pythons
  4 bats
  A bat zombie (D:2)
  4 endoplasms
  A giant cockroach (D:2)
  5 goblins
  3 hobgoblins
  3 jackals (D:2)
  3 quokkas
  A ball python skeleton (D:2)
  A ball python zombie (D:2)
  A frilled lizard (D:2)
  3 kobolds
  A quokka skeleton (D:2)
  2 rats
44 creatures vanquished.

Vanquished Creatures (others)
  141 foxfires
  2 withered plants (D:2)
143 creatures vanquished.

Grand Total: 187 creatures vanquished

Notes
Turn   | Place    | Note
-------+----------+-------------------------------------------
     0 | D:1      | octoduck the Deep Elf Fire Elementalist began the quest for
                  | the Orb.
     0 | D:1      | Reached XP level 1. HP: 10/10 MP: 6/6
   333 | D:1      | Reached XP level 2. HP: 15/15 MP: 6/8
   957 | D:2      | Reached skill level 4 in Fire Magic
   957 | D:2      | Reached XP level 3. HP: 19/19 MP: 3/9
  1024 | D:2      | Found a faded altar of an unknown god.
  1420 | D:2      | Reached XP level 4. HP: 24/24 MP: 7/10
  2801 | D:2      | Found a runed translucent door.
  2802 | D:2      | Noticed Crazy Yiuf
  3146 | D:3      | Found a broken altar of Ashenzari.
  3241 | D:3      | Found a glowing silver altar of Zin.
  3241 | D:3      | Found a blossoming altar of Fedhas.
  3331 | D:3      | Noticed Terence
  3347 | D:3      | Mangled by Terence

Illustrated notes

Levels and vault maps discovered:
D:1:      co_arrival_random_square_maze, layout_rooms
D:2:      layout_basic, serial_undead, serial_undead_f, serial_undead_e,
          serial_undead_b, serial_undead_e, serial_undead_c, serial_undead_c,
          serial_undead_b, chequers_ecumenical_altar_island,
          minmay_misc_feat_four_crosses, uniq_crazy_yiuf_cottage
D:3:      layout_rooms, lemuel_doored_altar, old_standard_altar,
          gammafunk_temple_overflow_pools, chequers_avenue, uniq_terence

Skill      XL: |  1  2  3 |
---------------+----------+-----
Conjurations   | 2 3 |  3.6
Fire Magic     | 4 |  4.9
Dodging        | |  2.6
Stealth        | |  2.4
Spellcasting   | |  3.0

Action                   |  1- 3 |  4- 6 || total
-------------------------+-------+-------++-------
 Cast: Foxfire           |    40 |    46 ||    86
  Use: Scroll            |     4 |     5 ||     9
       Potion            |       |     1 ||     1
Armor: Robe              |     7 |     5 ||    12
Dodge: Dodged            |    19 |    23 ||    42

Table legend: (Time is in decaauts)
 A = Elapsed time spent in this place.
 B = Non-inter-level travel time spent in this place.
 C = Inter-level travel time spent in this place.
 D = Time resting spent in this place.
 E = Time spent auto-exploring this place.
 F = Levels seen in this place.
 G = Mean time per level.
                   A        B        C        D        E       F      G
               +--------+--------+--------+--------+--------+-----+--------+
         Total |   3352 |   3116 |    236 |   1102 |   1492 |   3 | 1117.3 |
       Dungeon |   3352 |   3116 |    236 |   1102 |   1492 |   3 | 1117.3 |
               +--------+--------+--------+--------+--------+-----+--------+

Top non-repeatable levels by time:
     D:2: 2217 daAuts
     D:1: 905 daAuts
     D:3: 230 daAuts
